 Dungeon Crawl Stone Soup version 0.29-a0-206-g4a66f2e2b5 (webtiles) character file.

Game seed: 4507948667517258313

156 esteth the Shooter (level 5, 0/34 HPs)
             Began as an Octopode Hunter on Feb 23, 2022.
             Slain by an orc
             ... wielding a +0 whip
              (2 damage)
             ... on level 3 of the Dungeon.
             The game lasted 00:03:07 (2197 turns).

esteth the Shooter (Octopode Hunter)                Turns: 2197, Time: 00:03:08

Health: 0/34       AC:  1    Str: 12    XL:     5   Next: 37%
Magic:  5/5        EV: 14    Int: 13    God:
Gold:   160        SH:  5    Dex: 14    Spells: 4/4 levels left

rFire   . . .      SeeInvis .   a - +1 shortbow
rCold   . . .      Faith    .   (shield currently unavailable)
rNeg    . . .      Spirit   .   (helmet restricted)
rPois   .          Reflect  +   d - amulet of reflection
rElec   .          Harm     .   (no ring)
rCorr   .          Rampage  .   (no ring)
Will    .....                   (no ring)
Stlth   +++.......              (no ring)
HPRegen 0.11/turn               (no ring)
MPRegen 0.09/turn               (no ring)
                                (no ring)
                                (no ring)

@: no status effects
A: almost no armour, amphibious, 8 rings, camouflage 1, gelatinous body 1,
(nimble swimmer 1), tentacles
a: no special abilities


You were on level 3 of the Dungeon.
You visited 1 branch of the dungeon, and saw 3 of its levels.

You collected 160 gold pieces.


Innate Abilities, Weirdness & Mutations

You cannot wear most types of armour.
You are amphibious.
You can wear up to eight rings at the same time.
Your skin changes colour to match your surroundings (Stealth+).
Your rubbery body absorbs attacks. (AC +1, EV +1)
((You are camouflaged when in or above water. (Stealth+)))
You have tentacles for arms and can constrict up to eight enemies at once.


   Skills:
 - Level 2.0 Fighting
 * Level 5.8 Bows
 + Level 3.4 Dodging
 - Level 1.3 Stealth


You had 4 spell levels left.
You didn't know any spells.
Your spell library was empty.

Inventory:

Hand Weapons
 a - a +1 shortbow (weapon)
Missiles
 k - 77 stones
Armour
 p - a +0 buckler
   (You found it on level 2 of the Dungeon)
Magical Staves
 r - a staff of conjuration {!a}
   (You found it on level 2 of the Dungeon)
Jewellery
 d - an amulet of reflection (around mantle)
   (You found it on level 1 of the Dungeon)
Scrolls
 b - 4 scrolls of identify {unknown}
 c - a scroll of summoning {unknown}
 g - a scroll of brand weapon {unknown}
 h - a scroll of fear {unknown}
 i - a scroll of fog {unknown}
 q - a scroll of amnesia {unknown}
 s - a scroll of enchant weapon {unknown}
 t - a scroll of silence {unknown}
 u - a scroll of immolation {unknown}
Potions
 e - a potion of haste {unknown}
 j - a potion of brilliance {unknown}
 l - a potion of berserk rage {unknown}
 m - a potion of magic {unknown}
 n - a potion of curing {@q1}
 o - a potion of flight {unknown}

Dungeon Overview and Level Annotations

Branches:
Dungeon (3/15)

Altars:

Shops:
D:1

* #.......#.........#
#.......#.........#
#.......##.........#
#..................# .#
#.......##.........#...#
#####..#########.....#
.......#####.#####
..)..........#
......#.@o###########
....)...{o...........
#############).......
.....#... ......# .
......).. #.).....###
#.......# #.......#


You could see 2 orcs.


Message History

The orc hits you from afar with a +0 glaive!
* * * LOW HITPOINT WARNING * * *
😨 HP[-13]
You take 13 damage, and now have 16/34 hp.
MASSIVE DAMAGE!! (PAUSE)
The orc barely misses you.
The orc curses repeatedly.
Something hits you.
* * * LOW HITPOINT WARNING * * *
😨 HP[-1]
You take 1 damage, and now have 15/34 hp.
It was a potion of ambrosia.
You are confused.
You feel invigorated.
The orc hits you from afar with a +0 glaive.
* * * LOW HITPOINT WARNING * * *
Something hits you.
* * * LOW HITPOINT WARNING * * *
😨 HP[-3]
You take 3 damage, and now have 12/34 hp.
Non-targeted confused shoot: a) +1 shortbow
Press: ? - help, Q - select action, (/) - cycle Dir - look around, f - activate You shoot an arrow.
The orc barely misses you. Something barely misses you. 😮 HP[+6]
You regained 6 hp, and now have 18/34 hp.
Non-targeted confused shoot: a) +1 shortbow
Press: ? - help, Q - select action, (/) - cycle Dir - look around, f - activate You shoot an arrow.
The orc closely misses you. Something hits you. 😮 HP[+2]
You regained 2 hp, and now have 20/34 hp.
Non-targeted confused shoot: a) +1 shortbow
Press: ? - help, Q - select action, (/) - cycle Dir - look around, f - activate You shoot an arrow.
The orc hits you from afar with a +0 glaive!
* * * LOW HITPOINT WARNING * * *
Something hits you.
* * * LOW HITPOINT WARNING * * *
The orc hits you from afar with a +0 glaive.
* * * LOW HITPOINT WARNING * * *
😱 HP[-17]
You take 17 damage, and now have 3/34 hp.
MASSIVE DAMAGE!! (PAUSE) 😱 HP[+5]
You regained 5 hp, and now have 8/34 hp.
You bump into the rock wall.
You feel less invigorated.
You feel less confused.
You hear some strange, mumbled words.
You are confused.
The orc closely misses you. 😨 HP[+4]
You regained 4 hp, and now have 12/34 hp.
You are more confused.
You feel invigorated. Something hits you.
* * * LOW HITPOINT WARNING * * *
The orc completely misses you. 😨 HP[+3]
You regained 3 hp, and now have 15/34 hp.
You bump into the rock wall.
Something hits you.
* * * LOW HITPOINT WARNING * * *
The orc completely misses you.
You bump into the rock wall.
Something barely misses you. The orc closely misses you. 😮 HP[+5]
You regained 5 hp, and now have 20/34 hp.
You bump into the rock wall.
Something hits you. The orc barely misses you. 😮 HP[-1]
You take 1 damage, and now have 19/34 hp. 😮 HP[+3]
You regained 3 hp, and now have 22/34 hp.
You bump into the rock wall.
You feel less invigorated.
The orc hits you from afar with a +0 glaive!
* * * LOW HITPOINT WARNING * * *
😨 HP[-7]
You take 7 damage, and now have 15/34 hp.
MASSIVE DAMAGE!! (PAUSE)
Something hits you.
* * * LOW HITPOINT WARNING * * *
😨 HP[-4]
You take 4 damage, and now have 11/34 hp. 😨 HP[+1]
Something hits you.
* * * LOW HITPOINT WARNING * * *
The orc hits you but does no damage. 😨 HP[-3]
You take 3 damage, and now have 9/34 hp.
You're too confused to move!
Something hits you.
* * * LOW HITPOINT WARNING * * *
The orc closely misses you. x2 😱 HP[-5]
You take 5 damage, and now have 4/34 hp.
It was a potion of curing.
You feel better.
You hear some strange, mumbled words.
A puff of flame appears from out of thin air!
The puff of flame hits you!
* * * LOW HITPOINT WARNING * * *
The orc closely misses you. The orc hits you with a +0 whip.
You die...

Skill      XL: |  1  2  3  4 |
---------------+-------------+-----
Bows           | 5 |  5.8
Dodging        | 3 |  3.4
Fighting       | |  2.0
Stealth        | |  1.3

Action                   |  1- 3 |  4- 6 || total
-------------------------+-------+-------++-------
 Fire: Shortbow          |    85 |    91 ||   176
  Use: Potion            |       |     3 ||     3
Armor: Skin              |     6 |     2 ||     8
Dodge: Dodged            |    22 |    21 ||    43
Block: Other             |     3 |     3 ||     6

Levels and vault maps discovered:
D:1:      dpeg_arrival_connections, layout_basic, serial_shops, shop,
          chequers_ecumenical_altar_island, minmay_domino_4
D:2:      layout_basic, chequers_serial_rivers_room_b, minivault_25
D:3:      layout_rooms, nicolae_tso_swordbearing_angel, general_overflow_altar,
          uniq_grinder

Notes
Turn   | Place    | Note
-------+----------+-------------------------------------------
     0 | D:1      | esteth the Octopode Hunter began the quest for the Orb.
     0 | D:1      | Reached XP level 1. HP: 14/14 MP: 1/1
     0 | D:1      | magus.rc [v1.11.3]
   325 | D:1      | Reached XP level 2. HP: 19/19 MP: 2/2
   485 | D:1      | Reached XP level 3. HP: 24/24 MP: 3/3
   489 | D:1      | Found a faded altar of an unknown god.
   689 | D:1      | Found Fuczitat's Assorted Antiques.
  1159 | D:2      | Reached skill level 5 in Bows
  1528 | D:2      | Reached XP level 4. HP: 29/29 MP: 4/4
  1731 | D:2      | Reached skill level 3 in Dodging
  1791 | D:2      | Reached XP level 5. HP: 34/34 MP: 5/5
  2184 | D:3      | HP: 6/34 [something (6)]
  2196 | D:3      | HP: 4/34 [something (5)]
  2197 | D:3      | Slain by an orc

Vanquished Creatures
  An orc priest (D:2)
  4 adders (D:2)
  A gnoll (D:1)
  A worm (D:2)
  2 dart slugs
  4 orcs
  2 bats
  8 endoplasms
  2 giant cockroaches (D:1)
  8 goblins
  6 hobgoblins
  6 jackals
  3 kobolds
  3 quokkas
  4 ball pythons
  2 frilled lizards (D:1)
  5 rats
62 creatures vanquished.

Table legend:
 A = Non-vault XP
 B = Vault XP
 C = Vault XP percentage of total XP
 D = Non-vault monster count
 E = Vault monster count
 F = Vault count percentage of total count
                 A         B        C        D         E       F
            +---------+---------+-------+---------+---------+-------
      Total |     218 |       5 |   2.2 |      59 |       3 |   4.8
            +---------+---------+-------+---------+---------+-------
        D:1 |      58 |       5 |   7.9 |      25 |       3 |  10.7
        D:2 |     145 |       0 |   0.0 |      27 |       0 |   0.0
        D:3 |      15 |       0 |   0.0 |       7 |       0 |   0.0
            +---------+---------+-------+---------+---------+-------

Illustrated notes

Table legend:
 A = Kills in this place as a percentage of kills in entire the game.
 B = Kills by you in this place as a percentage of kills by you in the entire game.
 C = Kills by friends in this place as a percentage of kills by friends in the entire game.
 D = Other kills in this place as a percentage of other kills in the entire game.
 E = Experience gained in this place as a percentage of experience gained in the entire game.
 F = Experience gained in this place divided by the number of levels of this place that you have seen.
                   A       B       C       D       E      F
               +-------+-------+-------+-------+-------+----------------------
         Total | 100.0 | 100.0 |   N/A |   N/A | 100.0 |  74.3
       Dungeon | 100.0 | 100.0 |   N/A |   N/A | 100.0 |  74.3
               +-------+-------+-------+-------+-------+----------------------

Table legend: (Time is in decaauts)
 A = Elapsed time spent in this place.
 B = Non-inter-level travel time spent in this place.
 C = Inter-level travel time spent in this place.
 D = Time resting spent in this place.
 E = Time spent auto-exploring this place.
 F = Levels seen in this place.
 G = Mean time per level.
                   A        B        C        D        E       F      G
               +--------+--------+--------+--------+--------+-----+--------+
         Total |   2240 |   2143 |     97 |      0 |   1807 |   3 |  746.7 |
       Dungeon |   2240 |   2143 |     97 |      0 |   1807 |   3 |  746.7 |
               +--------+--------+--------+--------+--------+-----+--------+

Top non-repeatable levels by time:
     D:1: 1134 daAuts
     D:2: 995 daAuts
     D:3: 110 daAuts
